 Dungeon Crawl Stone Soup version 0.30-a0-469-g84de5afbc5 (webtiles) character file.

Game seed: 3392144951188148429

2058 kae the Destroyer (level 9, -22/45 HPs)
             Began as a Tengu Fire Elementalist on Dec 19, 2022.
             Annihilated by a cyclops (27 damage)
             ... on level 6 of the Dungeon.
             The game lasted 00:06:42 (7111 turns).

kae the Destroyer (Tengu Fire Elementalist)         Turns: 7111, Time: 00:06:43

Health: -22/45     AC:  3    Str: 14    XL:     9   Next: 25%
Magic:  1/19       EV: 14    Int: 20    God:
Gold:   476        SH:  0    Dex: 15    Spells: 4/21 levels left

rFire   . . .      SeeInvis .    j - +1 short sword
rCold   . . .      Faith    .    (no shield)
rNeg    . . .      Spirit   .    a - +1 robe
rPois   .          Reflect  .    (helmet restricted)
rElec   .          Harm     .    (no cloak)
rCorr   .          Rampage  .    (no gloves)
Will    .....                    (boots unavailable)
Stlth   ++........               g - amulet of regeneration
HPRegen 1.07/turn                S - +6 ring of strength
MPRegen 0.16/turn                (no ring)

@: flying quickly and evasively, quick
A: beak, talons 3, nimble flight
a: no special abilities


You were on level 6 of the Dungeon.
You visited 1 branch of the dungeon, and saw 7 of its levels.

You collected 476 gold pieces.


Innate Abilities, Weirdness & Mutations

You have a beak for a mouth.
You have claws for feet.
Your magical nature lets you fly swiftly and evasively.


   Skills:
 - Level 2.1 Dodging
 - Level 2.0 Stealth
 + Level 6.5 Spellcasting
 + Level 9.1 Conjurations
 + Level 8.2 Fire Magic


You had 4 spell levels left.
You knew the following spells:

 Your Spells              Type           Power      Damage    Failure   Level
a - Foxfire               Conj/Fire      100%       2x1d9     1%          1
b - Scorch                Fire           78%        2d9       1%          2
c - Inner Flame           Hex/Fire       23%        N/A       5%          3
d - Flame Wave            Conj/Fire      41%        2d11      2%          4
e - Sticky Flame          Conj/Fire      41%        2d6       2%          4
f - Kindle Blastsparks    Fire/Tloc/Air  34%        2d12      10%         3

Your spell library contained the following spells:

 Spells                   Type           Power      Damage    Failure   Level
 Dazzling Flash           Conj/Hex       48%        N/A       4%          3
 Iskenderun's Mystic Bla  Conj/Tloc      24%        2d7       16%         4
 Starburst                Conj/Fire      20%        6d7       41%         6

Inventory:

Hand Weapons
 j - a +1 short sword (weapon)
   (You took it off a kobold on level 1 of the Dungeon)
Missiles
 d - 12 javelins
 f - 26 stones
 i - 5 boomerangs
Armour
 a - a +1 robe (worn)
Jewellery
 g - an amulet of regeneration (around neck)
   (You found it on level 5 of the Dungeon)
 S - a +6 ring of strength (left hand)
   (You found it on level 5 of the Dungeon)
Wands
 o - a wand of iceblast (6)
   (You found it on level 5 of the Dungeon)
 r - a wand of paralysis (3)
   (You found it on level 4 of the Dungeon)
 u - a wand of mindburst (14)
   (You took it off a wight on level 7 of the Dungeon)
Scrolls
 k - a scroll of magic mapping {!r}
 p - a scroll of vulnerability {!r!r}
 s - 2 scrolls of fog
 t - 2 scrolls of identify {@r1}
Potions
 b - a potion of magic
 c - 2 potions of might
 e - 7 potions of curing {@q1}
 h - 7 potions of attraction {!q}
 l - 2 potions of lignification {!q}
 m - a potion of berserk rage {!q}
 n - 2 potions of heal wounds {@q2}
 q - a potion of brilliance

Dungeon Overview and Level Annotations

Branches:
Dungeon (7/15) Zot: 26435
 Temple: D:4-7

Altars:
Dithmenos
Ru

Annotations:
D:7 Pikel

♣.♣.♣.♣.♣.♣.♣###.## #...###
...♣...♣...♣.# #.# ######
♣.♣.♣.♣.♣.♣.♣# #.# #.#
.♣...♣...♣...# #.# #.#
♣.♣.♣.♣.♣.♣.♣###.#### #.#
...♣...♣...♣........####.#
♣.♣.♣.♣.♣.♣...##.#.......# ###
#########.##..##.#..##...###.##
##.........@...#.....#...###
###....###.##C##............#.
#......# #.##.##.###..##...##.
#.#...## #.......###..#.#.#.#.
#.##...# ####.##.#............
#.####.# #.##.#.###..#.#.## #.#
#.# #......# #.....##
####.####.### #......###..#.##
.......##...# #.##.#......#.#


You could see a cyclops (combustible).


Message History

Confirm with . or Enter, or press ? or * to list all spells.
A cloud of volatile blastsparks flares up around you!
A lemure comes into view.
A black bear comes into view. 😕 HP[+1] MP[-2]
You lost 2 mp, and now have 7/19 mp. 😕 HP[+1] 😎 HP[+1]
Your hp is fully restored (45).
The black bear growls angrily.
The black bear bites you. The black bear barely misses you.
The black bear closely misses you. 😕 HP[-6]
You take 6 damage, and now have 39/45 hp.
Casting: Kindle Blastsparks (dangerous; 10% risk of failure)
Confirm with . or Enter, or press ? or * to list all spells.
Aiming: Sticky Flame (dangerous; 3% risk of failure)
Press: ? - help, Shift-Dir - straight line, f - black bear
Aim: a black bear The sticky flame hits the black bear.
The black bear is covered in liquid flames!
The black bear burns!
The cloud of blastsparks explodes!
The concussive blast engulfs Pikel!
The black bear bites you.
The black bear closely misses you. x2 😕 HP[-2] MP[-4]
You take 2 damage, and now have 37/45 hp.
You lost 4 mp, and now have 3/19 mp.
The black bear burns!
The black bear misses you. The black bear claws you.
The black bear claws you but does no damage. 😕 MP[+1]
The black bear burns! 😕 HP[+1]
The black bear burns!
You kill the black bear! 😕 HP[+1] 😕 HP[+1]
There is a stone staircase leading up here. 😕 HP[+1]
Casting: Sticky Flame (dangerous; 2% risk of failure)
Confirm with . or Enter, or press ? or * to list all spells.
You conjure some foxfire!
The foxfire hits Pikel but does no damage.
The foxfire hits Pikel. 😕 HP[+2] MP[-1]
You regained 2 hp, and now have 43/45 hp.
You lost 1 mp, and now have 3/19 mp.
Casting: Foxfire (safe; 1% risk of failure)
Confirm with . or Enter, or press ? or * to list all spells.
You conjure some foxfire!
The foxfire hits Pikel but does no damage.
The foxfire hits Pikel.
Pikel cracks his whip. 😎 HP[+2]
Your hp is fully restored (45).
You fly upwards.
There is a stone staircase leading down here. 😎 MP[+3]
You regained 3 mp, and now have 6/19 mp.
You can't go down here!
You start resting.
A cyclops is nearby! 😎 MP[+3]
You regained 3 mp, and now have 9/19 mp.
You start resting.
A cyclops is nearby!
Casting: Foxfire (safe; 1% risk of failure)
Confirm with . or Enter, or press ? or * to list all spells.
Aiming: Sticky Flame (dangerous; 2% risk of failure)
Press: ? - help, Shift-Dir - straight line, f - cyclops
Aim: a cyclops, quivering large rocks (wandering, hasn't noticed you)
The sticky flame hits the cyclops.
The cyclops shouts!
The cyclops is covered in liquid flames!
The cyclops burns! 😎 MP[-3]
You lost 3 mp, and now have 6/19 mp.
Casting: Sticky Flame (dangerous; 2% risk of failure)
Confirm with . or Enter, or press ? or * to list all spells.
Flames lash the cyclops.
The cyclops's fire resistance burns away.
The cyclops burns!
The cyclops hits you!
The cyclops burns!
The cyclops stops burning.
The cyclops hits you. 😮 HP[-17] MP[-2]
You take 17 damage, and now have 28/45 hp.
MASSIVE DAMAGE!! (PAUSE)
You lost 2 mp, and now have 4/19 mp.
Casting: Scorch (safe; 1% risk of failure)
Confirm with . or Enter, or press ? or * to list all spells.
Flames lash the cyclops.
The cyclops is burned terribly!
The cyclops hits you!!
* * * LOW HITPOINT WARNING * * *
😱 HP[-20] MP[-2]
You take 20 damage, and now have 8/45 hp.
MASSIVE DAMAGE!! (PAUSE)
You lost 2 mp, and now have 2/19 mp.
Casting: Scorch (safe; 1% risk of failure)
Confirm with . or Enter, or press ? or * to list all spells.
Flames lash the cyclops.
The cyclops is burned terribly!
The cyclops hits you.
* * * LOW HITPOINT WARNING * * *
The cyclops hits you!!
Ouch! That really hurt!
You die...

Skill      XL: |  1  2  3  4  5  6  7  8  9 |
---------------+----------------------------+-----
Conjurations   | 2 3 4 5 6 8 9 |  9.1
Fire Magic     | 4 5 6 7 8 |  8.2
Spellcasting   | 3 4 5 6 |  6.5
Dodging        | |  2.1
Stealth        | |  2.0

Action                   |  1- 3 |  4- 6 |  7- 9 || total
-------------------------+-------+-------+-------++-------
Melee: Short sword       |     7 |     3 |     9 ||    19
       Kick              |     2 |     1 |     3 ||     6
       Peck              |     2 |     1 |     2 ||     5
       Punch             |     1 |       |       ||     1
 Cast: Foxfire           |    55 |   103 |    41 ||   199
       Scorch            |     2 |    11 |    43 ||    56
       Inner Flame       |       |     1 |       ||     1
       Sticky Flame      |       |       |    13 ||    13
       Kindle Blastspark |       |       |     1 ||     1
  Use: Scroll            |     1 |    10 |     3 ||    14
Armor: Robe              |     3 |     5 |    13 ||    21
Dodge: Dodged            |    19 |    34 |    53 ||   106

Levels and vault maps discovered:
D:1:      ebering_hopf_link, layout_basic,
          dreamdust_ecumenical_altar_hidden_monk_grotto
D:2:      layout_basic, uniq_terence, uniq_sigmund
D:3:      layout_rooms, uniq_jessica
D:4:      layout_gridville, nicolae_ru_sacrificial_ziggurat,
          minmay_fractal_squares_gapless_5
D:5:      layout_gridville, uniq_blork_the_orc
D:6:      layout_loops_ring, grunt_dithmenos_shadows, minmay_hedge_maze,
          kennysheep_crisscross
D:7:      layout_basic, minmay_temple_entry_nine_rooms, uniq_pikel,
          uniq_menkaure

Notes
Turn   | Place    | Note
-------+----------+-------------------------------------------
     0 | D:1      | kae the Tengu Fire Elementalist began the quest for the
                  | Orb.
     0 | D:1      | Reached XP level 1. HP: 10/10 MP: 4/4
     0 | D:1      | magus.rc [v1.11.3]
   224 | D:1      | Reached XP level 2. HP: 15/15 MP: 1/6
   280 | D:1      | Reached skill level 2 in Conjurations
   527 | D:1      | You pick up a book of Flames and begin reading...
   632 | D:1      | Found a faded altar of an unknown god.
   808 | D:2      | Learned a level 2 spell: Scorch
   937 | D:2      | Reached XP level 3. HP: 19/19 MP: 4/7
   941 | D:2      | Learned a level 3 spell: Inner Flame
   979 | D:2      | Noticed Terence
   996 | D:2      | Killed Terence
   997 | D:2      | Reached skill level 4 in Fire Magic
  1078 | D:2      | Reached skill level 3 in Conjurations
  1166 | D:2      | Noticed Sigmund
  1202 | D:2      | Reached XP level 4. HP: 12/24 MP: 7/9
  1982 | D:3      | You pick up a book of Spectacle and begin reading...
  1982 | D:3      | You add the spells Dazzling Flash, Iskenderun's Mystic
                  | Blast and Starburst to your library.
  2193 | D:3      | Noticed Jessica
  2202 | D:3      | Killed Jessica
  2203 | D:3      | Reached skill level 3 in Spellcasting
  2698 | D:2      | Killed Sigmund
  2699 | D:2      | Reached skill level 4 in Conjurations
  2699 | D:2      | Reached skill level 5 in Fire Magic
  2699 | D:2      | Gained mutation: Your magical nature lets you fly swiftly
                  | and evasively. [Tengu growth]
  2699 | D:2      | Reached XP level 5. HP: 11/28 MP: 3/11
  2699 | D:2      | Reached XP level 6. HP: 13/32 MP: 3/12
  3001 | D:3      | Learned a level 4 spell: Flame Wave
  3536 | D:4      | Found a sacrificial altar of Ru.
  3617 | D:4      | Reached skill level 4 in Spellcasting
  3617 | D:4      | Reached skill level 5 in Conjurations
  4120 | D:5      | Entered Level 5 of the Dungeon
  4371 | D:5      | Reached XP level 7. HP: 36/36 MP: 10/14
  4633 | D:5      | Reached skill level 6 in Conjurations
  4633 | D:5      | Reached skill level 6 in Fire Magic
  5087 | D:5      | Noticed Blork the orc
  5095 | D:5      | Killed Blork the orc
  5233 | D:5      | Reached skill level 5 in Spellcasting
  5233 | D:5      | Reached XP level 8. HP: 25/41 MP: 11/16
  5269 | D:6      | Reached skill level 7 in Conjurations
  5483 | D:6      | Noticed a cyclops
  5764 | D:6      | Reached skill level 7 in Fire Magic
  6202 | D:6      | Found a shadowy altar of Dithmenos.
  6211 | D:6      | Reached skill level 8 in Conjurations
  6539 | D:7      | Noticed a wyvern
  6567 | D:7      | Learned a level 4 spell: Sticky Flame
  6571 | D:7      | Learned a level 3 spell: Kindle Blastsparks
  6753 | D:7      | Reached skill level 6 in Spellcasting
  6821 | D:7      | Reached XP level 9. HP: 45/45 MP: 13/19
  6937 | D:7      | Reached skill level 8 in Fire Magic
  6972 | D:7      | Reached skill level 9 in Conjurations
  7044 | D:7      | Noticed Pikel
  7108 | D:6      | HP: 7/45 [cyclops (22)]
  7111 | D:6      | Annihilated by a cyclops

Vanquished Creatures
  Sigmund (D:2)
  A wyvern (D:7)
  2 black bears
  A sky beast (D:5)
  An ice beast (D:5)
  3 centaurs
  3 lemures (D:7)
  3 phantoms
  Blork the orc (D:5)
  A bullfrog (D:6)
  3 scorpions
  5 wights (D:7)
  A howler monkey (D:6)
  A jelly (D:6)
  2 hounds
  Jessica (D:3)
  Terence (D:2)
  An iguana (D:5)
  2 orc wizards
  3 adders
  4 white imps
  A worm (D:4)
  3 dart slugs
  4 orcs
  6 ball pythons
  6 endoplasms
  7 giant cockroaches
  8 hobgoblins
  4 jackals (D:2)
  4 quokkas
  2 bats (D:1)
  3 frilled lizards
  A goblin (D:2)
  7 kobolds
  3 rats
100 creatures vanquished.

Vanquished Creatures (collateral kills)
  13 foxfires (D:6)
13 creatures vanquished.

Vanquished Creatures (others)
  2 bushes (D:6)
  326 foxfires
  2 fungi (D:1)
  A plant (D:1)
331 creatures vanquished.

Grand Total: 444 creatures vanquished

Table legend:
 A = Non-vault XP
 B = Vault XP
 C = Vault XP percentage of total XP
 D = Non-vault monster count
 E = Vault monster count
 F = Vault count percentage of total count
                 A         B        C        D         E       F
            +---------+---------+-------+---------+---------+-------
      Total |    2360 |     581 |  19.8 |      87 |      10 |  10.3
            +---------+---------+-------+---------+---------+-------
        D:1 |      30 |       0 |   0.0 |      17 |       0 |   0.0
        D:2 |      30 |     250 |  89.3 |      18 |       2 |  10.0
        D:3 |      19 |      37 |  66.1 |      10 |       1 |   9.1
        D:4 |     120 |      88 |  42.3 |      10 |       5 |  33.3
        D:5 |     597 |      99 |  14.2 |       9 |       1 |  10.0
        D:6 |     706 |     107 |  13.2 |      12 |       1 |   7.7
        D:7 |     858 |       0 |   0.0 |      11 |       0 |   0.0
            +---------+---------+-------+---------+---------+-------

Illustrated notes

Table legend:
 A = Kills in this place as a percentage of kills in entire the game.
 B = Kills by you in this place as a percentage of kills by you in the entire game.
 C = Kills by friends in this place as a percentage of kills by friends in the entire game.
 D = Other kills in this place as a percentage of other kills in the entire game.
 E = Experience gained in this place as a percentage of experience gained in the entire game.
 F = Experience gained in this place divided by the number of levels of this place that you have seen.
                   A       B       C       D       E      F
               +-------+-------+-------+-------+-------+----------------------
         Total | 100.0 | 100.0 |   N/A |   N/A | 100.0 | 420.1
       Dungeon | 100.0 | 100.0 |   N/A |   N/A | 100.0 | 420.1
               +-------+-------+-------+-------+-------+----------------------

Table legend: (Time is in decaauts)
 A = Elapsed time spent in this place.
 B = Non-inter-level travel time spent in this place.
 C = Inter-level travel time spent in this place.
 D = Time resting spent in this place.
 E = Time spent auto-exploring this place.
 F = Levels seen in this place.
 G = Mean time per level.
                   A        B        C        D        E       F      G
               +--------+--------+--------+--------+--------+-----+--------+
         Total |   6844 |   6430 |    414 |    307 |   5061 |   7 |  977.7 |
       Dungeon |   6844 |   6430 |    414 |    307 |   5061 |   7 |  977.7 |
               +--------+--------+--------+--------+--------+-----+--------+

Top non-repeatable levels by time:
     D:2: 1270 daAuts
     D:6: 1190 daAuts
     D:5: 1141 daAuts
     D:4: 1029 daAuts
     D:1: 979 daAuts
     D:3: 748 daAuts
     D:7: 485 daAuts
